 Dungeon Crawl Stone Soup version 0.24-a0-515-gbe7f5e2e8d (webtiles) character file.

Game seed: 1360525524896612862

296 Marnok the Covered (level 6, 0/48 HPs)
             Began as a Human Fighter on July 21, 2019.
             Shot with an arrow by a centaur (7 damage)
             ... on level 6 of the Dungeon.
             The game lasted 00:06:27 (1660 turns).

Marnok the Covered (Human Fighter)                  Turns: 1660, Time: 00:06:27

Health: 0/48       AC:  7    Str: 18    XL:     6   Next: 62%
Magic:  6/6        EV:  9    Int:  8    God:
Gold:   127        SH:  9    Dex: 13    Spells: 5/5 levels left

rFire    . . .     SeeInvis .   a - +0 long sword
rCold    . . .     Gourm    .   c - +0 shield
rNeg     . . .     Faith    .   b - +0 scale mail
rPois    .         Spirit   .   (no helmet)
rElec    .         Reflect  .   (no cloak)
rCorr    .         Harm     .   (no gloves)
MR       .....                  (no boots)
Stlth    ..........             (no amulet)
HPRegen  0.16/turn              m - +1 ring of evasion
MPRegen  0.10/turn              (no ring)

@: very slightly contaminated
A: no striking features
a: no special abilities


You were on level 6 of the Dungeon.
You were hungry.

You visited 1 branch of the dungeon, and saw 4 of its levels.

You collected 127 gold pieces.

Inventory:

Hand Weapons
 a - a +0 long sword (weapon)
 h - a +0 whip of electrocution
 k - a +2 hunting sling of flaming
Missiles
 l - 63 stones (quivered)
Armour
 b - a +0 scale mail (worn)
 c - a +0 shield (worn)
Jewellery
 m - a +1 ring of evasion (left hand)
Wands
 d - a wand of disintegration (6)
 n - a wand of enslavement (11)
Scrolls
 e - 2 scrolls of remove curse
 g - a scroll of fog
Potions
 p - a potion of heal wounds {unknown}
Comestibles
 f - 7 rations


   Skills:
 + Level 4.0 Fighting
 + Level 3.6 Long Blades
 + Level 1.3 Maces & Flails
 + Level 4.3 Armour
 + Level 1.3 Dodging
 + Level 0.1 Stealth
 + Level 3.6 Shields


You had 5 spell levels left.
You didn't know any spells.
Your spell library was empty.

Dungeon Overview and Level Annotations

Branches:
Dungeon (3/15)

Altars:
Trog


Message History

The centaur wields a +2 shortbow of velocity.
The centaur shoots an arrow.
The arrow hits you!
* * * LOW HITPOINT WARNING * * *
x2 You see here 3 arrows.
As you read the scroll labeled GYQIZO DEMOCE, it crumbles to dust.
It is a scroll of identify.
q - a scroll of blinking You block the phantom's attack.
As you read the scroll labeled EWASTR YKIPHOFO, it crumbles to dust.
You hear a loud clanging noise!
It was a scroll of noise.
You hear a howl!
The phantom misses you.
Blink to where?
Press: ? - help, Dir - move target cursor You are very lightly contaminated with residual magic.
As you read the scroll of blinking, it crumbles to dust.
An adder comes into view.
The centaur shoots an arrow.
The arrow hits you!
You die...

#..#...##.#
#####ยง##..#
+S..#(#...# .
#.c.W.r..#'.
##.cO.....##
#...F.....###
+#...........+
#.........####
#..@.....##
#...$....#'.
+...#+#...#
#### ##..#
##.# .# +#


You could see a phantom, an ogre, a bullfrog, 2 centaurs, an adder and a quokka.

Vanquished Creatures
  A phantom (D:6)
  A crimson imp (D:6)
  A hound (D:6)
  Jessica (D:2)
  An iguana (D:6)
  4 adders (D:2)
  2 oozes
  A worm (D:2)
  4 dart slugs
  2 leopard geckos (D:1)
  A giant cockroach (D:1)
  4 goblins
  4 hobgoblins
  A jackal (D:1)
  A quokka (D:2)
  2 ball pythons (D:2)
  6 bats
  3 frilled lizards
  3 kobolds (D:1)
  5 rats
48 creatures vanquished.

Notes
Turn   | Place    | Note
-------+----------+-------------------------------------------
     0 | D:1      | Marnok the Human Fighter began the quest for the Orb.
     0 | D:1      | Reached XP level 1. HP: 18/18 MP: 1/1
    26 | D:1      | Reached XP level 2. HP: 17/24 MP: 2/2
    99 | D:2      | Found a bloodstained altar of Trog.
   151 | D:1      | Reached XP level 3. HP: 21/29 MP: 3/3
   428 | D:1      | You fall into a shaft and drop 1 floor!
   581 | D:2      | Reached XP level 4. HP: 29/35 MP: 4/4
   692 | D:2      | Noticed Jessica
   698 | D:2      | Killed Jessica
   698 | D:2      | Reached skill level 1 in Maces & Flails
   703 | D:2      | Reached skill level 1 in Dodging
   900 | D:2      | Reached XP level 5. HP: 41/41 MP: 5/5
  1389 | D:3      | You fall into a shaft and drop 3 floors!
  1400 | D:6      | Noticed a phantom
  1464 | D:6      | Killed a phantom
  1464 | D:6      | Reached XP level 6. HP: 21/48 MP: 6/6
  1648 | D:6      | Noticed an ogre
  1655 | D:6      | Noticed a phantom
  1660 | D:6      | Shot with an arrow by a centaur

Levels and vault maps discovered:
D:1:      lightli_arrival_maybe_door_vault, layout_rooms,
          chequers_serial_rivers_micro_a, minmay_hexomino_f4
D:2:      layout_loops_corners, lemuel_crystal_altar, first_ration, uniq_jessica
D:3:      layout_basic, uniq_natasha
D:6:      layout_basic, minmay_pentangle

Skill      XL: |  1  2  3  4  5  6 |
---------------+-------------------+-----
Maces & Flails | 1 |  1.3
Dodging        | 1 |  1.3
Armour         | 4 |  4.3
Long Blades    | 3 |  3.6
Fighting       | 4 |  4.0
Stealth        | |  0.1
Shields        | |  3.6

Action                   |  1- 3 |  4- 6 || total
-------------------------+-------+-------++-------
Melee: Long sword        |    28 |   122 ||   150
       Whip              |    76 |       ||    76
  Use: Scroll            |       |     8 ||     8
       Potion            |       |     1 ||     1
  Eat: Chunk             |       |     2 ||     2
Armor: Scale mail        |    61 |    54 ||   115
Dodge: Dodged            |    35 |    33 ||    68
Block: Shield            |    56 |    56 ||   112
       Rpst.: Long sword |     4 |    13 ||    17

Table legend:
 A = Non-vault XP
 B = Vault XP
 C = Vault XP percentage of total XP
 D = Non-vault monster count
 E = Vault monster count
 F = Vault count percentage of total count
                 A         B        C        D         E       F
            +---------+---------+-------+---------+---------+-------
      Total |     339 |      85 |  20.0 |      42 |       6 |  12.5
            +---------+---------+-------+---------+---------+-------
        D:1 |      38 |       6 |  13.6 |      16 |       4 |  20.0
        D:2 |      95 |      37 |  28.0 |      23 |       1 |   4.2
        D:6 |     206 |      42 |  16.9 |       3 |       1 |  25.0
            +---------+---------+-------+---------+---------+-------
